Map: Moebius Facility XX-1

Players

thrawn

  • Race: Zerg Zerg
  • League: Gold

Cole

  • Race: Zerg Zerg

neulaender

  • Race: Zerg Zerg

Baumdoktor

  • Race: Protoss Protoss

VOD

Have the link to the VOD?

Description

Time

  • Played on: Oct. 16, 2016, 12:30 p.m.
  • Length: 5:10
Show
View Real Time Build Order
Export as new Build Order

thrawn Zerg 

Build Orders: Hatch First 

Get SALT Encoding   

  12  0:01  Drone  
  13  0:13  Overlord  
  13  0:18  Drone  
  14  0:31  Drone x2  
  14  0:35  Drone  
  17  1:00  Hatchery  
  17  1:01  Drone  
  17  1:13  Spawning Pool  
  17  1:14  Drone  
  17  1:18  Extractor  
  17  1:20  Drone  
  17  1:24  Drone  
  18  1:31  Overlord  
  18  1:40  Drone  
  19  1:50  Drone  
  20  2:01  Queen  
  20  2:05  Drone  
  23  2:13  Queen  
  23  2:14  Drone  
  23  2:15  Drone  
  27  2:20  Metabolic Boost  
  27  2:29  Roach Warren  
  26  2:31  Drone  
  26  2:34  Drone  
  26  2:36  Drone  
  29  2:39  Drone  
  30  2:44  Drone  
  30  2:45  Drone  
  32  2:54  Drone  
  32  2:56  Drone  
  34  3:05  Overlord  
  34  3:06  Overlord  
  34  3:13  Roach  
  36  3:23  Roach x3  
  36  3:24  Roach  
  44  3:28  Roach x2  
  44  3:30  Zergling x2  
  49  3:34  Overlord  
  49  3:35  Overlord  
  49  3:46  Roach  
  49  3:47  Zergling x2  
  52  3:55  Roach x2  
  56  3:56  Zergling x2  
  56  3:59  Zergling x2  
  58  4:21  Zergling x2  
  58  4:22  Zergling x10  
  64  4:29  Roach  
  66  4:36  Zergling x4  
  68  4:38  Overlord x2  
  68  4:39  Overlord  
Show
View Real Time Build Order
Export as new Build Order

Cole Zerg 

Build Orders: Pool Only 

Get SALT Encoding   

  12  0:02  Drone  
  13  0:10  Drone  
  14  0:20  Extractor  
  14  0:21  Drone  
  14  0:24  Overlord  
  15  0:44  Drone x2  
  17  1:00  Spawning Pool  
  17  1:01  Drone x2  
  18  1:05  Extractor  
  18  1:10  Drone  
  18  1:19  Overlord  
  18  1:32  Overlord  
  18  1:40  Drone  
  18  1:46  Queen  
  19  1:50  Drone  
  22  1:56  Roach Warren  
  22  2:00  Drone  
  22  2:06  Metabolic Boost  
  22  2:22  Overlord  
  24  2:37  Roach x2  
  24  2:41  Extractor  
  25  2:44  Roach  
  27  2:59  Roach  
  27  3:00  Roach  
  27  3:02  Roach  
  33  3:11  Roach  
  35  3:15  Roach  
  37  3:21  Roach  
  39  3:28  Overlord  
  39  3:30  Roach x2  
  43  3:42  Roach  
  43  3:44  Overlord  
  47  3:55  Roach  
  47  4:20  Zergling x2  
  47  4:21  Zergling x4  
  50  4:27  Overlord  
  50  4:37  Zergling x8  
Show
View Real Time Build Order
Export as new Build Order

neulaender Zerg 

Build Orders: Hatch First 

Get SALT Encoding   

  12  0:01  Drone  
  13  0:14  Drone  
  13  0:18  Overlord  
  14  0:36  Drone x2  
  14  0:38  Drone  
  17  1:04  Hatchery  
  16  1:06  Extractor  
  16  1:08  Drone x2  
  17  1:16  Spawning Pool  
  16  1:19  Drone  
  17  1:29  Drone  
  18  1:35  Drone  
  19  1:41  Drone  
  20  2:02  Drone  
  21  2:12  Overlord  
  21  2:15  Queen  
  23  2:16  Queen  
  23  2:18  Overlord  
  25  2:24  Drone x2  
  25  2:26  Metabolic Boost  
  27  2:33  Drone  
  28  2:43  Drone x2  
  30  2:47  Drone  
  31  2:59  Evolution Chamber  
  31  3:01  Drone, Evolution Chamber  
  31  3:03  Drone x2  
  32  3:07  Drone  
  32  3:08  Lair  
  33  3:14  Roach Warren  
  33  3:18  Drone  
  33  3:22  Extractor  
  33  3:23  Drone x2  
  34  3:30  Drone x3  
  37  3:35  Extractor  
  37  3:37  Drone x3  
  37  3:38  Drone  
  40  3:49  Drone x3  
  43  3:58  Drone  
  44  4:17  Overlord x3  
  44  4:40  Drone x3  
  44  4:41  Drone x2  
  44  4:45  Extractor  
  57  5:07  Spine Crawler  
Show
View Real Time Build Order
Export as new Build Order

Baumdoktor Protoss 

Build Orders: 1 Gate Expand 

Get SALT Encoding   

  12  0:02  Probe (Chrono Boost)  
  13  0:12  Probe (Chrono Boost)  
  14  0:18  Pylon  
  14  0:23  Probe (Chrono Boost)  
  15  0:36  Probe (Chrono Boost)  
  15  0:40  Gateway  
  16  0:47  Probe (Chrono Boost)  
  17  1:11  Nexus  
  17  1:21  Pylon  
  17  1:23  Probe (Chrono Boost)  
  18  1:31  Cybernetics Core  
  18  1:36  Assimilator  
  18  1:42  Assimilator  
  18  1:49  Probe (Chrono Boost)  
  19  1:59  Probe (Chrono Boost)  
  20  2:07  Gateway  
  20  2:10  Warp Gate, Probe (Chrono Boost)  
  20  2:12  Gateway  
  22  2:30  Probe (Chrono Boost)  
  22  2:38  Probe (Chrono Boost)  
  23  2:48  Probe (Chrono Boost)  
  23  2:49  Probe (Chrono Boost)  
  25  2:59  Probe (Chrono Boost)  
  25  3:01  Probe (Chrono Boost)  
  27  3:09  Probe (Chrono Boost), Zealot  
  27  3:11  Zealot  
  33  3:13  Probe (Chrono Boost), Zealot  
  35  3:20  Probe (Chrono Boost)  
  35  3:21  Pylon  
  35  3:25  Probe (Chrono Boost)  
  35  3:26  Pylon  
  37  3:37  Probe (Chrono Boost)  
  37  3:38  Gateway  
  38  3:44  Twilight Council  
  39  3:49  Probe (Chrono Boost)  
  39  3:57  Assimilator  
  39  3:58  Assimilator  
  39  3:59  Probe (Chrono Boost)  
  39  4:01  Probe (Chrono Boost)  
  41  4:09  Probe (Chrono Boost)  
  42  4:13  Probe (Chrono Boost)  
  43  4:19  Zealot x3  
  49  4:40  Templar Archives  
  49  4:50  Pylon, Stalker x3  
  49  4:51  Stalker  
Tags
 
Add a new tag
Caveats
  • Supply blocks, unpowered buildings, or Contaminate may cause inaccurate times.
  • Supply counts are checked every 10 seconds.